Map: Sequencer LE

Players

KebabKing (SpaceMarine)

  • Race: Protoss Protoss
  • Spawn Location: 1:00

Snute - Winner!

  • Race: Zerg Zerg
  • Spawn Location: 7:00

Event: WCS Jonkoping 2017

VOD

Have the link to the VOD?

Description

Time

  • Played on: June 17, 2017, 6:37 a.m.
  • Length: 14:40

All games in this series

Show
View Real Time Build Order
Export as new Build Order

KebabKing Protoss 

Build Orders: 1 Gate Expand, Zealot Archon, Dark Templar Rush 

Get SALT Encoding   

  12  0:01  Probe (Chrono Boost)  
  13  0:11  Probe (Chrono Boost)  
  14  0:17  Pylon  
  14  0:22  Probe (Chrono Boost)  
  15  0:35  Probe (Chrono Boost)  
  16  0:36  Gateway  
  16  0:42  Assimilator  
  16  0:46  Probe (Chrono Boost)  
  17  0:56  Probe (Chrono Boost)  
  18  1:07  Probe (Chrono Boost)  
  19  1:19  Nexus  
  19  1:28  Cybernetics Core  
  19  1:32  Probe (Chrono Boost)  
  20  1:37  Assimilator  
  20  1:42  Probe (Chrono Boost)  
  21  1:48  Pylon  
  21  1:53  Probe (Chrono Boost)  
  22  2:06  Mothership Core (Chrono Boost)  
  22  2:07  Adept (Chrono Boost)  
  26  2:12  Warp Gate (Chrono Boost)  
  26  2:24  Probe (Chrono Boost)  
  27  2:30  Probe (Chrono Boost)  
  27  2:31  Twilight Council  
  27  2:36  Probe (Chrono Boost)  
  29  2:37  Adept (Chrono Boost)  
  29  2:41  Probe (Chrono Boost)  
  33  2:51  Probe (Chrono Boost)  
  33  2:52  Probe (Chrono Boost)  
  34  3:02  Probe x2  
  34  3:04  Sentry (Chrono Boost)  
  38  3:13  Probe  
  38  3:14  Probe  
  40  3:20  Pylon  
  40  3:23  Probe  
  40  3:26  Probe  
  42  3:36  Gateway  
  42  3:37  Gateway  
  42  3:39  Probe  
  42  3:40  Probe  
  44  3:44  Resonating Glaives  
  44  3:48  Dark Shrine  
  44  3:50  Probe  
  44  3:51  Pylon  
  45  3:59  Probe  
  45  4:00  Probe  
  43  4:06  Assimilator  
  43  4:07  Robotics Facility  
  43  4:08  Assimilator  
  43  4:12  Probe x2  
  43  4:15  Pylon  
  45  4:22  Probe  
  45  4:24  Probe  
  47  4:33  Probe, Adept x3  
  47  4:36  Probe  
  55  4:41  Pylon  
  55  4:43  Probe  
  55  4:45  Pylon  
  56  4:50  Mothership Core  
  58  4:54  Warp Prism (Chrono Boost)  
  58  4:57  Adept  
  62  5:00  Adept  
  62  5:01  Adept  
  66  5:16  Gateway  
  66  5:18  Gateway  
  66  5:20  Gateway  
  65  5:21  Adept x2  
  65  5:24  Adept  
  71  5:34  Pylon  
  71  5:44  Dark Templar x2  
  71  5:46  Adept  
  71  5:49  Pylon  
  77  5:51  Pylon  
  77  5:52  Archon  
  77  6:08  Dark Templar  
  79  6:13  Dark Templar x2  
  79  6:16  Dark Templar x2  
  87  6:20  Adept  
  88  6:26  Archon x2  
  80  6:45  Probe  
  80  6:46  Adept  
  80  6:47  Adept x5  
  85  6:51  Pylon  
  85  6:53  Pylon  
  93  6:56  Probe  
  94  7:09  Probe  
  94  7:12  Stalker  
  97  7:18  Sentry  
  97  7:19  Sentry x2, Adept x2  
  107  7:23  Pylon x2  
  107  7:25  Pylon  
  107  7:33  Adept  
  109  7:42  Nexus  
  109  7:48  Sentry x3  
  109  7:49  Adept x2  
  119  7:54  Adept  
  114  8:17  Adept x6  
  122  8:39  Adept x2  
  122  8:40  Adept x4  
  100  8:57  Adept  
  100  8:58  Adept  
  88  9:05  Probe  
  69  9:10  Probe  
  69  9:11  Adept x6  
  69  9:15  Stargate  
  66  9:17  Probe, Stargate  
  66  9:19  Stargate  
  66  9:24  Probe  
  64  9:29  Probe  
  65  9:33  Protoss Air Weapons Level 1  
  65  9:34  Probe  
  65  9:36  Probe  
  67  9:40  Pylon, Sentry  
  67  9:41  Pylon, Probe  
  67  9:43  Pylon  
  67  9:45  Assimilator  
  70  9:50  Assimilator  
  80  10:20  Phoenix x2 (Chrono Boost)  
  80  10:21  Phoenix (Chrono Boost)  
  66  10:24  Adept  
  66  10:32  Pylon  
  66  10:42  Phoenix x3 (Chrono Boost)  
  72  10:49  Probe x3  
  75  10:51  Forge  
  75  11:01  Probe x3, Nexus  
  75  11:02  Pylon  
  75  11:04  Phoenix x3 (Chrono Boost)  
  84  11:13  Probe x3  
  87  11:24  Fleet Beacon  
  87  11:25  Probe x2, Phoenix (Chrono Boost)  
  93  11:26  Phoenix x2 (Chrono Boost)  
  93  11:30  Probe  
  95  11:37  Probe  
  95  11:38  Probe  
  96  11:42  Photon Cannon, Probe  
  97  11:49  Probe, Void Ray (Chrono Boost)  
  97  11:53  Adept  
  104  11:54  Adept x2  
  108  12:02  Adept x3  
  110  12:16  Adept x2  
  110  12:17  Adept  
  107  12:23  Carrier (Chrono Boost)  
  107  12:48  Carrier (Chrono Boost)  
  107  12:51  Carrier (Chrono Boost)  
  119  13:16  Adept x5  
  119  13:17  Adept  
  95  13:43  Adept x2  
  86  14:13  Sentry  
  88  14:19  Sentry  
  76  14:34  Sentry  
  76  14:35  Sentry  
Show
View Real Time Build Order
Export as new Build Order

Snute Zerg - Winner!

Build Orders: Hatch First 

Get SALT Encoding   

  12  0:00  Drone  
  13  0:12  Overlord  
  13  0:17  Drone  
  14  0:30  Drone x2  
  14  0:34  Drone  
  17  0:53  Hatchery  
  17  0:54  Drone  
  17  0:58  Drone  
  17  1:02  Extractor  
  17  1:13  Spawning Pool  
  17  1:16  Drone  
  17  1:20  Drone  
  18  1:27  Drone  
  19  1:38  Overlord  
  19  1:49  Drone  
  20  1:59  Queen  
  20  2:00  Zergling x2  
  23  2:01  Metabolic Boost  
  23  2:04  Queen  
  26  2:08  Zergling x2  
  26  2:12  Drone  
  26  2:15  Drone  
  28  2:22  Drone  
  29  2:29  Drone  
  30  2:32  Drone  
  31  2:40  Pneumatized Carapace  
  31  2:47  Drone x2  
  32  2:59  Overlord  
  32  3:00  Hatchery  
  32  3:02  Overlord  
  32  3:04  Zergling x4  
  33  3:09  Zergling x4  
  35  3:14  Zergling x2  
  35  3:22  Zergling x8  
  35  3:23  Zergling x2  
  40  3:28  Overlord  
  40  3:29  Zergling x2  
  39  3:42  Zergling x4  
  40  3:57  Drone x7  
  40  4:00  Drone  
  46  4:07  Spore Crawler x2  
  46  4:08  Queen x2  
  46  4:09  Drone  
  49  4:11  Drone  
  49  4:14  Drone  
  51  4:19  Drone  
  51  4:20  Roach Warren  
  51  4:22  Drone  
  51  4:24  Drone  
  53  4:30  Extractor, Drone  
  53  4:33  Drone x2  
  55  4:41  Drone  
  55  4:42  Drone  
  55  4:43  Drone  
  55  4:44  Drone x2  
  55  4:45  Drone  
  61  4:47  Spore Crawler  
  60  4:54  Overlord  
  60  4:56  Drone x2  
  62  5:05  Drone  
  64  5:07  Drone x2  
  64  5:11  Overlord x2  
  64  5:12  Overlord  
  64  5:13  Lair  
  65  5:22  Roach x3  
  65  5:23  Roach  
  65  5:24  Overlord  
  65  5:28  Overlord  
  73  5:29  Extractor  
  73  5:31  Roach x4  
  73  5:35  Roach  
  82  5:39  Roach  
  84  5:43  Zergling x4  
  84  5:48  Zergling x6  
  89  5:50  Baneling Nest  
  89  5:53  Zergling x10  
  93  6:04  Zergling x10  
  94  6:11  Roach x2  
  97  6:14  Roach  
  97  6:17  Roach x4  
  100  6:25  Roach  
  100  6:26  Roach x2  
  100  6:29  Overlord  
  100  6:32  Roach x2  
  102  6:33  Roach  
  102  6:41  Drone  
  102  6:42  Drone x3  
  102  6:46  Glial Reconstitution  
  102  6:47  Queen x3  
  106  6:49  Extractor  
  106  6:52  Roach  
  106  6:53  Roach  
  115  6:55  Roach  
  115  7:01  Spore Crawler  
  116  7:14  Drone x6  
  116  7:15  Overlord  
  122  7:18  Overlord  
  122  7:23  Extractor  
  122  7:24  Extractor, Spire  
  122  7:27  Overlord  
  119  7:34  Drone  
  119  7:35  Drone x2  
  122  7:38  Hatchery, Drone x2  
  122  7:39  Drone x4  
  122  7:43  Centrifical Hooks  
  127  7:48  Drone x3  
  130  7:58  Zergling x16  
  136  8:01  Overlord  
  136  8:05  Overlord  
  131  8:15  Roach  
  131  8:16  Baneling, Roach x4  
  131  8:17  Baneling x2  
  121  8:21  Roach  
  121  8:22  Roach x2  
  121  8:23  Ravager  
  118  8:27  Roach x2  
  118  8:31  Roach  
  118  8:34  Roach  
  110  8:35  Roach  
  99  8:41  Roach  
  99  8:42  Roach  
  91  8:52  Roach x4  
  97  8:59  Roach x2  
  85  9:05  Roach x2  
  85  9:08  Roach  
  81  9:11  Roach  
  77  9:18  Roach  
  77  9:19  Roach  
  77  9:23  Roach x2  
  81  9:28  Drone x2  
  81  9:31  Ravager  
  84  9:32  Drone x2  
  84  9:36  Drone  
  87  9:44  Drone x3  
  90  9:46  Queen  
  92  9:56  Drone  
  92  9:57  Drone x2  
  95  10:01  Drone  
  95  10:02  Drone x3  
  95  10:03  Drone  
  98  10:08  Queen x2  
  99  10:16  Drone x3  
  99  10:20  Drone  
  98  10:23  Drone  
  98  10:27  Mutalisk x3  
  98  10:28  Mutalisk  
  107  10:36  Mutalisk  
  107  10:40  Zergling x10  
  114  10:50  Zergling x10  
  119  11:00  Zergling x2  
  119  11:01  Zergling x16  
  128  11:10  Zergling x8  
  132  11:15  Evolution Chamber  
  131  11:19  Zergling x10  
  131  11:24  Zergling x6  
  139  11:27  Zergling x2  
  139  11:28  Zergling x2  
  131  11:40  Infestation Pit  
  131  11:42  Spore Crawler  
  131  11:43  Spore Crawler  
  128  11:48  Spore Crawler, Drone x6  
  128  11:49  Drone  
  128  11:52  Drone x2  
  136  11:55  Drone x2  
  136  11:57  Drone  
  136  11:58  Drone  
  136  12:00  Drone  
  141  12:01  Drone  
  141  12:05  Drone x2  
  141  12:06  Drone  
  140  12:15  Drone  
  140  12:16  Drone x4  
  140  12:21  Drone x7  
  140  12:22  Drone  
  151  12:23  Drone  
  150  12:30  Queen x2  
  150  12:34  Queen  
  150  12:36  Spore Crawler  
  153  12:38  Queen  
  146  12:45  Pathogen Glands  
  146  12:49  Drone  
  146  12:50  Drone x6  
  152  13:04  Overlord x2  
  152  13:05  Overlord  
  144  13:18  Zergling x2  
  144  13:19  Zergling x22  
  136  13:32  Infestor x9  
  146  13:40  Queen x3  
  139  13:42  Queen  
  125  13:58  Zergling x20  
  134  14:06  Hydralisk Den  
  129  14:27  Hatchery  
Tags
 
Add a new tag
Caveats
  • Supply blocks, unpowered buildings, or Contaminate may cause inaccurate times.
  • Supply counts are checked every 10 seconds.